 Dungeon Crawl Stone Soup version 0.30-a0-159-g068b764562 (webtiles) character file.

Game seed: 634557548280144591

18522 IdlyInterested the Fencer (level 12, -22/92 HPs)
             Began as a Demonspawn Gladiator on Sept 27, 2022.
             Annihilated by an ice devil (26 damage)
             ... in an ice cave.
             The game lasted 00:42:23 (13956 turns).

IdlyInterested the Fencer (Demonspawn Gladiator)   Turns: 13956, Time: 00:42:24

Health: -22/92     AC: 17    Str: 18    XL:     12   Next: 28%
Magic:  0/12       EV: 15    Int:  9    God:
Gold:   664        SH: 14    Dex: 26    Spells: 11/11 levels left

rFire   + . .      SeeInvis .    Z - +1 scimitar (flame)
rCold   x . .      Faith    .    w - +0 kite shield of Hufiabol {-Cast rPois Will+ Str+3}
rNeg    . . .      Spirit   +    R - +0 steam dragon scales
rPois   +          Reflect  .    (helmet restricted)
rElec   .          Harm     .    G - +2 cloak {rCorr}
rCorr   +          Rampage  .    p - +2 pair of gloves
Will    ++...      NoCast   +    (no boots)
Stlth   +++.......               E - amulet of guardian spirit
HPRegen 0.25/turn                g - ring of protection from fire
MPRegen 0.13/turn                K - +6 ring of dexterity

@: slowed, unable to drink, very slow
A: horns 2, molten scales 1, demonic guardian 1, icemail 1, condensation shield,
demonic willpower, hooves 1, mutation resistance 1, cold vulnerability 1,
inability to drink after injury 1
a: no special abilities


You were in an ice cave.
You visited 3 branches of the dungeon, and saw 12 of its levels.
You also visited: Sewer, Bailey and Ice Cave.

You collected 664 gold pieces.

Inventory:

Hand Weapons
 a - a +1 long sword
 q - the +8 whip "Snakebite" {venom, curare, rPois}
   (You found it on level 1 of the Lair of Beasts)

   It poisons the flesh of those it strikes.
   It occasionally inflicts asphyxiating poison on those it strikes, dealing
   poison damage and causing slowness.
   rPois:     It protects you from poison.
 x - the +6 shillelagh "Devastator" {shatter}
   (You found it on level 4 of the Dungeon)

   It releases a powerful concussive burst when it strikes, dealing extra damage
   to the target and all other foes adjacent to them.
 z - a +0 great sword
 Z - a +1 scimitar of flaming (weapon)
Missiles
 b - 2 boomerangs of dispersal
 d - 2 throwing nets
 e - a javelin
 s - a curare-tipped dart
 I - 38 poisoned darts
 M - 17 boomerangs (quivered)
Armour
 p - a +2 pair of gloves (worn)
 w - the +0 kite shield of Hufiabol (worn) {-Cast rPois Will+ Str+3}
   (You found it on level 9 of the Dungeon)

   Str:       It affects your strength (+3).
   rPois:     It protects you from poison.
   -Cast:     It prevents spellcasting.
   Will:      It increases your willpower.
 G - a +2 cloak of preservation (worn)
 L - a +2 pair of boots
 R - +0 steam dragon scales (worn)
 T - a scarf of harm
Jewellery
 g - a ring of protection from fire (left hand)
 u - an amulet of magic regeneration
 E - an amulet of guardian spirit (around neck)
 H - a ring of fire
 K - a +6 ring of dexterity (right hand)
 U - a +6 ring of intelligence
 W - a +4 ring of evasion
Wands
 h - a wand of paralysis (7)
 B - a wand of polymorph (14)
 C - a wand of acid (7)
 Q - a wand of mindburst (18)
 S - a wand of flame (11)
Scrolls
 j - 6 scrolls of teleportation
 k - 3 scrolls of blinking
 o - a scroll of amnesia
 t - a scroll of enchant armour
 D - 2 scrolls of fear
 V - a scroll of enchant weapon
 X - a scroll of fog {unknown}
 Y - 2 scrolls of magic mapping
Potions
 c - 5 potions of brilliance
 f - a potion of resistance
 i - 5 potions of mutation
 l - 3 potions of flight
 m - 3 potions of attraction
 n - 2 potions of ambrosia
 r - a potion of invisibility
 v - a potion of cancellation
 A - a potion of berserk rage
 F - 3 potions of might
 J - 3 potions of curing
 N - 2 potions of heal wounds
 O - a potion of magic
 P - a potion of haste


   Skills:
 + Level 8.1 Fighting
 * Level 15.3 Long Blades
 - Level 6.0 Throwing
 - Level 1.0 Armour
 - Level 6.0 Dodging
 - Level 2.0 Stealth
 - Level 1.0 Shields
 - Level 1.0 Evocations


You had 11 spell levels left.
You didn't know any spells.
Your spell library contained the following spells:

 Spells                   Type           Power      Damage    Failure   Level
 Beastly Appendage        Tmut           0%         N/A       80%         1
 Magic Dart               Conj           0%         1d3       80%         1
 Slow                     Hex            0%         N/A       80%         1
 Sting                    Tmut/Pois      0%         1d3       80%         1
 Call Imp                 Summ           0%         N/A       91%         2
 Cigotuvi's Dreadful Rot  Necr/Pois/Air  0%         N/A       91%         2
 Poisonous Vapours        Pois/Air       0%         N/A       91%         2
 Wereblood                Tmut           0%         N/A       91%         2
 Confusing Touch          Hex            0%         N/A       99%         3
 Mephitic Cloud           Conj/Pois/Air  0%         N/A       99%         3
 Spider Form              Tmut/Pois      0%         N/A       99%         3
 Vampiric Draining        Necr           0%         2d6       99%         3
 Dispel Undead            Necr           0%         3d6       100%        4
 Olgreb's Toxic Radiance  Pois           0%         N/A       100%        4
 Death Channel            Necr           0%         N/A       100%        6


Dungeon Overview and Level Annotations

Branches:
Dungeon (9/15)             Temple (1/1) D:4            Lair (2/5) D:9
 Shoals (0/4) Lair:2        Sewer (visited)          Bailey (visited)
  IceCv (1/1)
  Snake: Lair:2-3    Spider: Lair:2-3       Orc: D:9-12

Altars:
Ashenzari
Cheibriados
Dithmenos
Fedhas
Gozag
Hepliaklqana
Kikubaaqudgha
Makhleb
Nemelex Xobeh
Okawaru
Qazlal
Ru
Sif Muna
Trog
Uskayaw
Vehumet
Wu Jian
Xom
Yredelemnul

Shops:
D:7 =   D:8 :


Innate Abilities, Weirdness & Mutations

You have a pair of horns on your head.
You are partially covered in molten scales. (AC +2)
A weak demonic guardian rushes to your aid.
A meltable icy envelope protects you from harm. (AC +4)
A meltable shield of frost defends you. (SH +4)
You punish those that try to bend your will. (Will+)
You have large cloven feet.
You are somewhat resistant to further mutation.
You are vulnerable to cold. (rC-)
You occasionally lose the ability to drink potions when taking damage.


Message History

The freezing wraith hits your hellwing but does no damage. x2
You catch the helpless freezing wraith completely off-guard!
You hit the freezing wraith but do no damage.
You kick the freezing wraith.
The freezing wraith is severely damaged.
Your hellwing disappears in a puff of smoke!
The freezing wraith hits you but does no damage.
You block the freezing wraith's attack.
You closely miss the freezing wraith. You headbutt the freezing wraith.
The freezing wraith is severely damaged.
You block the freezing wraith's attack. The freezing wraith hits you!
* * * LOW HITPOINT WARNING * * *
A demonic guardian appears!
The freezing wraith drains your vigour!
You feel yourself slow down.
Unknown command.
The freezing wraith attacks as you move away!
You block the freezing wraith's attack.
The freezing wraith hits you but does no damage.
You slice the freezing wraith!! You burn the freezing wraith.
You destroy the freezing wraith!
You slash the ice devil! You burn the ice devil.
You kick the ice devil, but do no damage.
The ice devil is moderately wounded.
Your hellwing closely misses the ice devil.
Your hellwing hits the ice devil but does no damage.
The ice devil closely misses you.
Your hellwing hits the ice devil!
Your hellwing closely misses the ice devil.
You slash the ice devil! You burn the ice devil.
Your kick misses the ice devil.
The ice devil is severely wounded.
You block the ice devil's attack.
Your hellwing misses the ice devil.
Your hellwing hits the ice devil but does no damage.
You closely miss the ice devil. Your kick misses the ice devil.
The ice devil is severely wounded.
You can drink potions again.
The ice devil hits you!
* * * LOW HITPOINT WARNING * * *
The ice devil freezes you!!
You feel a terrible chill!
You feel threatened and lose the ability to drink potions!
You die...

#...# #...#
#...## #...#
#..##
######..#
##...###.##
##.....##44#
#...#...#.@#
#..####....#
##..# ##...#
# ##..##
##.## #
##...# ###
##....## #
#......#
####.....##
.##.......#


You could see an ice devil (ally target) and a friendly hellwing (summoned).

Vanquished Creatures
  2 vault guards (Bailey)
  Erica (Lair:1)
  2 centaur warriors (D:8)
  An ugly thing (IceCv)
  An elephant (Lair:1)
  4 black mambas (Lair:1)
  2 cane toads (Lair:1)
  A gargoyle (D:9)
  A freezing wraith (IceCv)
  3 rime drakes
  A komodo dragon (Lair:1)
  A hornet (D:9)
  Prince Ribbit (Bailey)
  4 blink frogs (Lair:1)
  15 yaks
  2 wyverns (D:8)
  5 humans (Bailey)
  2 steam dragons (D:8)
  Menkaure (D:5)
  2 death yak simulacra (IceCv)
  6 water moccasins
  3 orc warriors
  2 ice beasts
  Pargi (Sewer)
  3 ogres
  4 centaurs
  A phantom (D:7)
  6 kobold brigands
  2 necrophages (D:8)
  14 bullfrogs
  A gnoll sergeant (D:8)
  5 scorpions
  2 two-headed ogre simulacra (IceCv)
  2 cane toad simulacra (IceCv)
  10 wights (D:8)
  2 elephant simulacra (IceCv)
  2 howler monkeys (D:7)
  Crazy Yiuf (D:6)
  5 orc priests
  6 hounds
  2 jellies (D:7)
  6 iguanas
  Natasha (thrice) (D:2)
  7 orc wizards
  A polar bear simulacrum (IceCv)
  2 wolf simulacra (IceCv)
  5 gnolls
  11 adders
  2 shadow imps
  4 white imps
  2 ufetubi (IceCv)
  4 worms
  38 orcs
  4 ball pythons
  12 bats
  8 endoplasms
  2 giant cockroaches
  14 goblins
  9 hobgoblins
  3 jackals (D:1)
  5 quokkas
  2 frilled lizards (D:1)
  16 kobolds
  5 rats
297 creatures vanquished.

Vanquished Creatures (collateral kills)
  A black mamba (Lair:1)
  An anaconda simulacrum (IceCv)
  Sigmund (D:2)
  An ogre (D:4)
  Terence (D:2)
  A worm (D:2)
  A bat (D:2)
  A kobold (D:2)
8 creatures vanquished.

Vanquished Creatures (others)
  2 bushes (Lair:1)
  5 fungi
  10 plants
17 creatures vanquished.

Grand Total: 322 creatures vanquished

Notes
Turn   | Place    | Note
-------+----------+-------------------------------------------
     0 | D:1      | IdlyInterested the Demonspawn Gladiator began the quest for
                  | the Orb.
     0 | D:1      | Reached XP level 1. HP: 16/16 MP: 1/1
   124 | D:1      | Gained mutation: A weak demonic guardian rushes to your
                  | aid. [demonic ancestry]
   124 | D:1      | Reached XP level 2. HP: 18/23 MP: 2/2
   366 | D:1      | Reached skill level 3 in Long Blades
   793 | D:1      | Reached XP level 3. HP: 29/29 MP: 3/3
   956 | D:1      | Found a faded altar of an unknown god.
  1418 | D:2      | Noticed Sigmund
  1432 | D:2      | Killed Sigmund
  1433 | D:2      | Reached skill level 5 in Fighting
  1433 | D:2      | Reached XP level 4. HP: 16/39 MP: 4/4
  1433 | D:2      | Reached XP level 5. HP: 18/45 MP: 5/5
  1653 | D:2      | Gained mutation: You are vulnerable to cold. (rC-) [potion
                  | of mutation]
  1653 | D:2      | Gained mutation: You occasionally lose the ability to drink
                  | potions when taking damage. [potion of mutation]
  1653 | D:2      | Gained mutation: You are somewhat resistant to further
                  | mutation. [potion of mutation]
  1653 | D:2      | Gained mutation: You have large cloven feet. [potion of
                  | mutation]
  1658 | D:2      | Noticed Terence
  1681 | D:2      | Killed Terence
  1864 | D:2      | You fall into a shaft and drop 1 floor!
  1933 | D:3      | Gained mutation: A meltable shield of frost defends you.
                  | (SH +4) [demonic ancestry]
  1933 | D:3      | Reached XP level 6. HP: 51/52 MP: 6/6
  2329 | D:2      | Noticed Natasha
  2336 | D:2      | Killed Natasha
  2492 | D:2      | Noticed Natasha
  2498 | D:2      | Killed Natasha
  2622 | D:2      | Noticed Natasha
  2629 | D:2      | Killed Natasha
  3771 | D:4      | Found a staircase to the Ecumenical Temple.
  3776 | D:4      | Reached skill level 4 in Long Blades
  4024 | Temple   | Entered the Ecumenical Temple
  4552 | D:4      | Reached skill level 1 in Armour
  4552 | D:4      | Reached XP level 7. HP: 20/58 MP: 7/7
  4555 | D:4      | Found the +6 shillelagh "Devastator" {shatter}
  4558 | D:4      | Reached skill level 1 in Stealth
  5041 | D:5      | Entered Level 5 of the Dungeon
  5078 | D:5      | Found a glowing drain.
  5088 | Sewer    | Entered a sewer
  5111 | Sewer    | Noticed Pargi
  5117 | Sewer    | Killed Pargi
  5118 | Sewer    | Reached skill level 5 in Long Blades
  5280 | D:5      | Noticed Menkaure
  5287 | D:5      | Killed Menkaure
  5298 | D:5      | Reached skill level 6 in Long Blades
  5625 | D:5      | Gained mutation: You have a pair of small horns on your
                  | head. [demonic ancestry]
  5625 | D:5      | Reached XP level 8. HP: 64/64 MP: 8/8
  5667 | D:5      | Reached skill level 1 in Evocations
  5842 | D:5      | Reached skill level 1 in Shields
  5911 | D:5      | Reached skill level 7 in Long Blades
  6926 | D:6      | Found a runed translucent door.
  6928 | D:6      | Noticed Crazy Yiuf
  6933 | D:6      | Killed Crazy Yiuf
  6934 | D:6      | Reached skill level 8 in Long Blades
  7548 | D:7      | Gained mutation: A meltable icy envelope protects you from
                  | harm. (AC +4) [demonic ancestry]
  7548 | D:7      | Reached XP level 9. HP: 23/69 MP: 4/9
  8138 | D:7      | Reached skill level 5 in Dodging
  8163 | D:7      | Reached skill level 9 in Long Blades
  8250 | D:7      | Found Fovun's Jewellery Emporium.
  8887 | D:8      | Found a flagged portal.
  8909 | Bailey   | Entered a bailey
  8975 | Bailey   | Reached skill level 10 in Long Blades
  9189 | Bailey   | Noticed a vault guard
  9198 | Bailey   | Killed a vault guard
  9199 | Bailey   | Gained mutation: You are partially covered in molten
                  | scales. (AC +2) [demonic ancestry]
  9199 | Bailey   | Reached XP level 10. HP: 62/76 MP: 6/10
  9270 | Bailey   | Noticed Prince Ribbit
  9270 | Bailey   | Noticed a vault guard
  9273 | Bailey   | Killed Prince Ribbit
  9281 | Bailey   | Killed a vault guard
  9282 | Bailey   | Reached skill level 11 in Long Blades
  9852 | D:8      | Noticed a centaur warrior
  9856 | D:8      | Killed a centaur warrior
  9857 | D:8      | Reached skill level 5 in Throwing
  9868 | D:8      | Reached skill level 12 in Long Blades
  9982 | D:8      | Found Peisof's Tremendous Tomes.
 10375 | D:8      | Gained mutation: You have a pair of horns on your head.
                  | [demonic ancestry]
 10375 | D:8      | Reached XP level 11. HP: 61/79 MP: 7/11
 10760 | D:8      | Noticed a centaur warrior
 10767 | D:8      | Killed a centaur warrior
 11448 | D:9      | Found an ornate altar of the Wu Jian Council.
 11490 | D:9      | Identified the +0 kite shield of Hufiabol {-Cast rPois
                  | Will+ Str+3}
 11536 | D:9      | Found a transporter.
 11539 | D:9      | Found a transporter.
 11541 | D:9      | Found a transporter.
 11587 | D:9      | Reached skill level 13 in Long Blades
 11672 | D:9      | Found a transporter.
 11864 | D:9      | Found a staircase to the Lair.
 12220 | Lair:1   | Entered Level 1 of the Lair of Beasts
 12516 | Lair:1   | Reached skill level 14 in Long Blades
 13015 | Lair:1   | Found the +8 whip "Snakebite" {venom, curare, rPois}
 13385 | Lair:1   | Noticed Erica
 13392 | Lair:1   | Killed Erica
 13393 | Lair:1   | Gained mutation: You punish those that try to bend your
                  | will. (Will+) [demonic ancestry]
 13393 | Lair:1   | Reached XP level 12. HP: 84/91 MP: 10/12
 13737 | Lair:2   | Noticed a death yak
 13771 | Lair:2   | Found a frozen archway.
 13776 | Lair:2   | Reached skill level 15 in Long Blades
 13788 | IceCv    | Entered an ice cave
 13956 | IceCv    | HP: 4/92 [ice devil (5)]
 13956 | IceCv    | Annihilated by an ice devil

Illustrated notes

Levels and vault maps discovered:
D:1:      dpeg_arrival_fog, layout_basic,
          shapermc_ecumenical_altar_mp_urbaneastern, minmay_misc_feat_rows,
          hangedman_decor_push, dk_noncrumbling_4
D:2:      layout_basic, uniq_terence, uniq_natasha, uniq_sigmund
D:3:      layout_basic
D:4:      layout_basic, minmay_temple_entry_glass,
          dilly_guarded_unrand_devastator
D:5:      layout_loops_ring, portal_sewer_entry_d, dreamdust_mushroom_princess,
          st_stairs_4, serial_bayou_pond_d, grunt_decor_cap, uniq_menkaure
D:6:      layout_basic, uniq_crazy_yiuf_cottage
D:7:      layout_basic, serial_shops, shop, patterned_corridor
D:8:      minmay_ornate_pinched, layout_layer_cave, enter_bailey_4,
          reono_crystal_passage, dreamdust_deal_with_the_devil,
          nicolae_shop_i_like_big_books, minmay_checkerbox
D:9:      layout_long_grid, mainiacjoe_overflow_brackets, lair_entry_dummy,
          serial_rivers, chequers_serial_rivers_micro_b,
          chequers_serial_rivers_large_a, chequers_serial_rivers_small_a,
          chequers_serial_rivers_micro_a, nicolae_diode_quadrants
Temple:   mainiacjoe_temple_archimedes_tessellation
Lair:1:   minmay_guarded_unrand_snakebite, layout_misc_corridors,
          grunt_forest_large_clearing_hut, uniq_erica
Lair:2:   layout_regular_city, elwin_shoals_entry_rocks, portal_ice_cave_rime,
          st_stairs_3, beast_lair_carwin_11
IceCv:    ice_cave_small_necro

Skill      XL: |  1  2  3  4  5  6  7  8  9 10 11 12 |
---------------+-------------------------------------+-----
Long Blades    | 3 4 6 8 10 12 14 15 | 15.3
Fighting       | 3 5 6 7 8 |  8.1
Dodging        | 3 4 6 |  6.0
Throwing       | 2 3 5 6 |  6.0
Armour         | 1 |  1.0
Stealth        | 2 |  2.0
Evocations     | 1 |  1.0
Shields        | 1 |  1.0

Action                   |  1- 3 |  4- 6 |  7- 9 | 10-12 || total
-------------------------+-------+-------+-------+-------++-------
Melee: Long sword        |   111 |   149 |    11 |    13 ||   284
       Kick              |       |    48 |    24 |    79 ||   151
       Shillelagh        |       |       |   129 |   204 ||   333
       Headbutt          |       |       |    12 |    63 ||    75
       Punch             |       |       |       |     2 ||     2
       Scimitar          |       |       |       |    59 ||    59
Throw: Throwing net      |     1 |       |       |       ||     1
       Boomerang         |       |       |       |    10 ||    10
       Dart              |       |       |       |     2 ||     2
  Use: Scroll            |       |     9 |     7 |     3 ||    19
       Potion            |       |     2 |     6 |     1 ||     9
 Stab: Sleeping          |     1 |       |       |     5 ||     6
       Distracted        |       |       |     1 |     2 ||     3
Armor: Leather armour    |    50 |     4 |       |       ||    54
       Scale mail        |       |    56 |    66 |    43 ||   165
       Steam dragon scal |       |       |       |    52 ||    52
Dodge: Dodged            |    90 |    75 |    57 |   162 ||   384
Block: Kite shield       |       |    11 |   117 |   169 ||   297
       Other             |       |    10 |       |    11 ||    21

Table legend: (Time is in decaauts)
 A = Elapsed time spent in this place.
 B = Non-inter-level travel time spent in this place.
 C = Inter-level travel time spent in this place.
 D = Time resting spent in this place.
 E = Time spent auto-exploring this place.
 F = Levels seen in this place.
 G = Mean time per level.
                   A        B        C        D        E       F      G
               +--------+--------+--------+--------+--------+-----+--------+
         Total |  14210 |  12345 |   1865 |   1761 |   7678 |  15 |  947.3 |
       Dungeon |  11621 |   9817 |   1804 |   1352 |   6280 |   9 | 1291.2 |
        Temple |    241 |    213 |     28 |      0 |    194 |   1 |  241.0 |
          Lair |   1598 |   1565 |     33 |    111 |   1105 |   2 |  799.0 |
         Sewer |     72 |     72 |      0 |      0 |     13 |   1 |   72.0 |
        Bailey |    507 |    507 |      0 |    218 |     86 |   1 |  507.0 |
      Ice Cave |    169 |    169 |      0 |     80 |      0 |   1 |  169.0 |
               +--------+--------+--------+--------+--------+-----+--------+

Top non-repeatable levels by time:
     D:8: 1897 daAuts
  Lair:1: 1537 daAuts
     D:3: 1455 daAuts
     D:6: 1438 daAuts
     D:1: 1416 daAuts
     D:4: 1236 daAuts
     D:7: 1164 daAuts
     D:5: 1077 daAuts
     D:2: 1027 daAuts
     D:9: 907 daAuts
  Bailey: 507 daAuts
  Temple: 241 daAuts
   IceCv: 169 daAuts
   Sewer: 72 daAuts
  Lair:2: 60 daAuts
